 Dungeon Crawl Stone Soup version 0.26-a0-651-gb41185065b (webtiles) character file.

Game seed: 9042429525244600663

130 Irenicus the Digger (level 4, 0/36 HPs)
             Began as a Deep Dwarf Earth Elementalist on Oct 16, 2020.
             Slain by a bullfrog (4 damage)
             ... on level 3 of the Dungeon.
             The game lasted 00:06:59 (1239 turns).

Irenicus the Digger (Deep Dwarf Earth Elementalist) Turns: 1239, Time: 00:07:01

Health: 0/36       AC:  5    Str: 12    XL:     4   Next: 89%
Magic:  0/6        EV: 12    Int: 16    God:
Gold:   41         SH:  0    Dex: 13    Spells: 3/6 levels left

rFire    + . .     SeeInvis .   j - +1 whip (elec)
rCold    . . .     Faith    .   (no shield)
rNeg     . . .     Spirit   .   k - +0 leather armour
rPois    .         Reflect  .   (no helmet)
rElec    .         Harm     .   i - +0 cloak
rCorr    .         Rampage  .   (no gloves)
MR       .....                  h - +0 pair of boots
Stlth    ++........             (no amulet)
HPRegen  0.00/turn              m - ring of protection from fire {rF+, !d}
MPRegen  0.10/turn              (no ring)

@: very slightly contaminated, non-regenerating
A: damage resistance, heal wounds, sense surroundings 1, no regeneration
a: Heal Wounds


You were on level 3 of the Dungeon.
You visited 1 branch of the dungeon, and saw 3 of its levels.

You collected 41 gold pieces.

Inventory:

Hand Weapons
 e - a +0 club
   (You took it off a goblin on level 1 of the Dungeon)
 j - a +1 whip of electrocution (weapon)
   (You found it on level 2 of the Dungeon)
Missiles
 b - 20 stones (quivered)
Armour
 h - a +0 pair of boots (worn)
   (You found it on level 2 of the Dungeon)
 i - a +0 cloak (worn)
   (You found it on level 2 of the Dungeon)
 k - a +0 leather armour (worn)
   (You found it on level 1 of the Dungeon)
 o - a +0 ring mail
   (You found it on level 2 of the Dungeon)
Jewellery
 m - a ring of protection from fire (left hand) {rF+, !d}
   (You found it on level 2 of the Dungeon)
Scrolls
 a - a scroll of identify {unknown}
 d - a scroll of remove curse
 n - a scroll of random uselessness {unknown}
 p - 3 scrolls of fear {unknown}
Potions
 c - 2 potions of heal wounds {unknown}
 f - a potion of degeneration {unknown}
 g - a potion of flight {unknown}
 l - a potion of lignification {unknown}


   Skills:
 - Level 2.1 Dodging
 - Level 2.4 Stealth
 - Level 1.7 Spellcasting
 - Level 0.8 Transmutations
 + Level 7.5 Earth Magic


You had 3 spell levels left.
You knew the following spells:

 Your Spells              Type           Power        Failure   Level
a - Sandblast             Erth           ####..       1%          1
w - Passwall              Tmut/Erth      ##......     8%          2

Your spell library contained the following spells:

 Spells                   Type           Power        Failure   Level
 Stone Arrow              Conj/Erth      ##....       17%         3
 Lee's Rapid Deconstruct  Erth           ####......   34%         5
 Petrify                  Tmut/Erth      ##......     43%         4


Dungeon Overview and Level Annotations

Branches:
Dungeon (3/15)

Altars:
Elyvilon


Innate Abilities, Weirdness & Mutations

You are resistant to damage.
You can heal yourself by infusing magical energy.
You passively map a small area around you.
You do not regenerate.


Message History

Deactivating autopickup; reactivate with Ctrl-A.
You're too confused to move!
The orc hits you but does no damage.
You hear some strange, mumbled words.
Something tries to affect you, but you resist.
You barely miss the orc.
The orc is severely wounded.
The orc hits you with a +0 short sword. Something barely misses you.
The orc hits you but does no damage.
You take 1 damage, and have 35/36 hp.
You're too confused to attack without stumbling around!
You're too confused to attack without stumbling around!
You're too confused to attack without stumbling around!
You miss something. Something hits you. The orc hits you with a +0 short sword.
You take 1 damage, and have 34/36 hp.
You hear some strange, mumbled words.
You are more confused.
You bump into the rock wall.
You're too confused to move!
You hear some strange, mumbled words.
A puff of flame appears from out of thin air!
The puff of flame misses you. Something hits you.
You barely miss something. Something hits you.
An orc comes into view. It is wielding a +2 dagger of draining.
You take 2 damage, and have 32/36 hp.
You bump into the rock wall.
The orc shouts!
You hear a loud, deep croak!
You hear a shout! x2
Something hits you but does no damage.
You hear an angry hiss.
You completely miss something.
A bullfrog comes into view.
Something hits you.
You take 2 damage, and have 30/36 hp.
You miss something. Something hits you but does no damage.
The bullfrog hits you.
You take 3 damage, and have 27/36 hp.
You completely miss the bullfrog. Something hits you.
The bullfrog barely misses you.
You miss something.
You feel less confused. The bullfrog closely misses you. Something hits you.
The bullfrog hits you! Something hits you but does no damage.
You take 5 damage, and have 22/36 hp.
Casting: Sandblast (safe; 1% risk of failure)
Confirm with . or Enter, or press ? or * to list all spells.
Aiming: Sandblast (safe; 1% risk of failure)
Press: ? - help, Shift-Dir - straight line, f - bullfrog
Aim: a bullfrog The blast of sand misses the bullfrog.
b - 21 stones The bullfrog barely misses you.
Something hits you.
You now have 1/6 mp.
Casting: Sandblast (safe; 1% risk of failure)
Confirm with . or Enter, or press ? or * to list all spells.
Press: ? - help, Shift-Dir - straight line, p - bullfrog You miscast Sandblast.
You are very lightly contaminated with residual magic.
Nothing appears to happen.
The bullfrog barely misses you. The bullfrog hits you.
A kobold comes into view.
You hear some strange, mumbled words.
A magic dart appears from out of thin air!
The magic dart hits you.
You take 2 damage, and have 20/36 hp.
You now have 0/6 mp.
The kobold shouts!
You hit the bullfrog.
The bullfrog is lightly wounded.
The bullfrog completely misses you.
An orc comes into view. It is wielding a +0 dagger.
Something hits you. The bullfrog hits you.
You take 3 damage, and have 17/36 hp.
You miss the bullfrog.
The bullfrog is lightly wounded.
An orc comes into view. It is wielding a +0 trident.
The bullfrog snags a nearby millipede with its tongue.
The bullfrog hits you but does no damage.
Something hits you.
You take 2 damage, and have 15/36 hp.
Casting: Sandblast (safe; 1% risk of failure)
Confirm with . or Enter, or press ? or * to list all spells.
Press: ? - help, Shift-Dir - straight line The blast of sand hits something!
Reactivating autopickup.
You feel a bit more experienced.
b - 20 stones The bullfrog hits you.
The bullfrog barely misses you.
The orc hits you from afar with a +0 trident.
You take 2 damage, and have 13/36 hp.
You now have 0/6 mp.
You closely miss the bullfrog.
The bullfrog is lightly wounded.
The orc hits you with a +0 short sword. The bullfrog hits you!
* * * LOW HITPOINT WARNING * * *
The orc hits you from afar with a +0 trident.
* * * LOW HITPOINT WARNING * * *
The orc hits you but does no damage.
You take 9 damage, and have 4/36 hp.
MASSIVE DAMAGE!!
You miss the bullfrog.
The bullfrog is lightly wounded.
The bullfrog hits you.
You die...

* ,, , , , * *
,,,* , , * ,,o.
### ,, ** ,,,#o
,..# #.* ...
#.###.###.##....,
#g#Ko...#.#...., ,
#.#F#.#.#...#.. ,*
# * , #.#@#h#
..h.,, * #
#.#o#.#####.h# #
** #.)o#..†..#..#
#
#########h#..#####
# #.#......# #
#h#.####.# # #...#
#.# # ##### #.###
#.#.†


You could see a bullfrog, 3 orcs and a kobold.

Vanquished Creatures
  A hound (D:3)
  An orc wizard (D:3)
  An adder (D:2)
  A white imp (D:3)
  A worm (D:2)
  2 dart slugs (D:2)
  3 leopard geckos (D:2)
  2 giant cockroaches
  7 hobgoblins
  3 jackals (D:3)
  A ball python (D:2)
  10 bats
  3 frilled lizards
  3 goblins (D:1)
  9 kobolds
  5 rats
53 creatures vanquished.

Notes
Turn   | Place    | Note
-------+----------+-------------------------------------------
     0 | D:1      | Irenicus the Deep Dwarf Earth Elementalist began the quest
                  | for the Orb.
     0 | D:1      | Reached XP level 1. HP: 15/15 MP: 3/3
   217 | D:2      | Reached XP level 2. HP: 22/22 MP: 0/4
   222 | D:2      | Reached skill level 5 in Earth Magic
   441 | D:1      | Learned a level 2 spell: Passwall
   688 | D:2      | Reached XP level 3. HP: 28/28 MP: 2/5
   753 | D:2      | Found a white marble altar of Elyvilon.
   929 | D:2      | Reached skill level 6 in Earth Magic
  1159 | D:3      | Reached XP level 4. HP: 36/36 MP: 4/6
  1165 | D:3      | Reached skill level 7 in Earth Magic
  1229 | D:3      | Noticed a bullfrog
  1238 | D:3      | HP: 7/36 [bullfrog (6)]
  1239 | D:3      | Slain by a bullfrog

Illustrated notes

Levels and vault maps discovered:
D:1:      dpeg_arrival_rooms_with_view, layout_basic
D:2:      layout_loops_ring, old_standard_altar, grunt_ministairs_6,
          minmay_domino_4
D:3:      layout_basic, lemuel_crystal_altar

Skill      XL: |  1  2  3  4 |
---------------+-------------+-----
Earth Magic    | 5 6 7 |  7.5
Dodging        | |  2.1
Stealth        | |  2.4
Spellcasting   | |  1.7
Transmutations | |  0.8

Action                   |  1- 3 |  4- 6 || total
-------------------------+-------+-------++-------
Melee: Whip              |    35 |    22 ||    57
 Cast: Sandblast         |    51 |    10 ||    61
       Passwall          |     4 |     1 ||     5
  Use: Scroll            |     1 |       ||     1
 Stab: Sleeping          |     2 |       ||     2
Armor: Leather armour    |    12 |     8 ||    20
       Robe              |     6 |       ||     6
Dodge: Dodged            |    34 |    18 ||    52

Table legend: (Time is in decaauts)
 A = Elapsed time spent in this place.
 B = Non-inter-level travel time spent in this place.
 C = Inter-level travel time spent in this place.
 D = Time resting spent in this place.
 E = Time spent auto-exploring this place.
 F = Levels seen in this place.
 G = Mean time per level.
                   A        B        C        D        E       F      G
               +--------+--------+--------+--------+--------+-----+--------+
         Total |   1243 |   1243 |      0 |      0 |      0 |   3 |  414.3 |
       Dungeon |   1243 |   1243 |      0 |      0 |      0 |   3 |  414.3 |
               +--------+--------+--------+--------+--------+-----+--------+

Top non-repeatable levels by time:
     D:2: 604 daAuts
     D:1: 547 daAuts
     D:3: 91 daAuts

Table legend:
 A = Kills in this place as a percentage of kills in entire the game.
 B = Kills by you in this place as a percentage of kills by you in the entire game.
 C = Kills by friends in this place as a percentage of kills by friends in the entire game.
 D = Other kills in this place as a percentage of other kills in the entire game.
 E = Experience gained in this place as a percentage of experience gained in the entire game.
 F = Experience gained in this place divided by the number of levels of this place that you have seen.
                   A       B       C       D       E      F
               +-------+-------+-------+-------+-------+----------------------
         Total | 100.0 | 100.0 |   N/A |   N/A | 100.0 |  62.0
       Dungeon | 100.0 | 100.0 |   N/A |   N/A | 100.0 |  62.0
               +-------+-------+-------+-------+-------+----------------------
